 Dungeon Crawl Stone Soup version 0.23.2-40-g277498a001 (webtiles) character file.

Game seed: 6602724926890592353

51 DildoBatman the Magician (level 4, 0/30 HPs)
             Began as a Formicid Wizard on Sept 8, 2019.
             Slain by a kobold (2 damage)
             ... on level 2 of the Dungeon.
             The game lasted 00:02:55 (1303 turns).

DildoBatman the Magician (Formicid Wizard)          Turns: 1303, Time: 00:02:56

Health: 0/30       AC:  2    Str: 12    XL:     4   Next: 5%
Magic:  8/8        EV: 12    Int: 18    God:
Gold:   129        SH:  0    Dex:  9    Spells: 2/9 levels left

rFire    . . .     SeeInvis +   d - +0 club
rCold    . . .     Gourm    .   (no shield)
rNeg     . . .     Faith    .   a - +0 robe
rPois    .         Spirit   .   (helmet unavailable)
rElec    .         Reflect  .   (no cloak)
rCorr    .         Harm     .   (no gloves)
MR       .....                  (no boots)
Stlth    ++........             (no amulet)
HPRegen  0.10/turn              (no ring)
MPRegen  0.11/turn              (no ring)

@: no status effects
A: permanent stasis, dig shafts and tunnels, four strong arms, antennae 3
a: Dig, Shaft Self


You were on level 2 of the Dungeon.
You were not hungry.

You visited 1 branch of the dungeon, and saw 2 of its levels.

You collected 129 gold pieces.

Inventory:

Hand Weapons
 d - a +0 club (weapon)
 g - a +0 vampiric hand axe
Missiles
 f - 61 stones (quivered)
 h - a throwing net
 m - 26 arrows
Armour
 a - a +0 robe (worn)
Wands
 n - a wand of disintegration (14)
Scrolls
 c - 7 scrolls of remove curse {unknown}
 i - 3 scrolls of noise {unknown}
 l - a scroll of identify {unknown}
Potions
 b - a potion of might {unknown}
 e - a potion of cancellation {unknown}
 j - a potion of flight {unknown}
Comestibles
 k - 2 chunks of flesh
 v - 3 rations


   Skills:
 - Level 1.7 Dodging
 - Level 2.4 Stealth
 - Level 3.2 Spellcasting
 * Level 3.2 Conjurations
   Level 1.0 Summonings
   Level 0.8 Translocations


You had 2 spell levels left.
You knew the following spells:

 Your Spells              Type           Power        Failure   Level  Hunger
a - Conjure Flame         Conj/Fire      #.......     24%         3    ###....
c - Magic Dart            Conj           ##..         4%          1    None
e - Mephitic Cloud        Conj/Pois/Air  #.......     30%         3    ###....

Your spell library contained the following spells:

 Spells                   Type           Power        Failure   Level  Hunger
 Call Imp                 Summ           #.......     16%         2    ##.....
 Slow                     Hex            #.......     24%         2    ##.....
 Blink                    Tloc           Unusable     N/A         2    N/A

Dungeon Overview and Level Annotations

Branches:
Dungeon (2/15)

Altars:
Qazlal


Innate Abilities, Weirdness & Mutations

You cannot be hasted, slowed, berserked, paralysed or teleported.
You can dig through walls and to a lower floor.
Your four strong arms can wield two-handed weapons with a shield.
You have a pair of large antennae on your head. (SInv)


Message History

Anything else - Cancel.
You shout for attention!
The kobold hits you but does no damage. What are your orders? t - Shout!
Orders for allies: a - Attack new target. r - Retreat! s - Stop attacking. g - Guard the area. f - Follow me.
Anything else - Cancel.
You shout for attention!
The kobold hits you. What are your orders? t - Shout!
Orders for allies: a - Attack new target. r - Retreat! s - Stop attacking. g - Guard the area. f - Follow me.
Anything else - Cancel.
You shout for attention!
The kobold hits you.
You die...

..............
...........#
.........#.#
.........#.# {
.....#...#.#
.##+##...#.## ####
...........># ...
###.######..#####K###
#.######..#.#§@..☼#
#..........÷#.....##
#######.#.#...._....#
#.#.#.#.....#...
#.#.###☼...○# #.
#.#.# ###.### { #.#.#
.# #.... .# ###.# ##


You could see a kobold.

Vanquished Creatures
  2 adders (D:2)
  A dart slug (D:1)
  2 giant cockroaches
  6 goblins
  4 hobgoblins
  7 bats
  A frilled lizard (D:1)
  4 kobolds (D:1)
  4 rats
31 creatures vanquished.

Vanquished Creatures (others)
  A frilled lizard (D:2)
1 creature vanquished.

Grand Total: 32 creatures vanquished

Notes
Turn   | Place    | Note
-------+----------+-------------------------------------------
     0 | D:1      | DildoBatman the Formicid Wizard began the quest for the
                  | Orb.
     0 | D:1      | Reached XP level 1. HP: 13/13 MP: 4/4
    35 | D:1      | Reached skill level 1 in Conjurations
   188 | D:1      | Reached XP level 2. HP: 19/19 MP: 1/6
   503 | D:1      | Reached XP level 3. HP: 24/24 MP: 1/7
  1206 | D:2      | Learned a level 3 spell: Conjure Flame
  1210 | D:2      | Learned a level 3 spell: Mephitic Cloud
  1252 | D:2      | Found a stormy altar of Qazlal.
  1259 | D:2      | Reached XP level 4. HP: 30/30 MP: 3/8
  1302 | D:2      | HP: 1/30 [kobold (2)]
  1303 | D:2      | Slain by a kobold

Skill      XL: |  1  2  3 |
---------------+----------+-----
Conjurations   | 1 2 3 |  3.2
Dodging        | |  1.7
Stealth        | |  2.4
Spellcasting   | |  3.2
Summonings     | |  1.0
Translocations | |  0.8

Action                   |  1- 3 |  4- 6 || total
-------------------------+-------+-------++-------
Melee: Unarmed           |     3 |       ||     3
       Club              |     6 |       ||     6
 Cast: Magic Dart        |    68 |     1 ||    69
 Abil: Dig               |     1 |       ||     1
  Eat: Chunk             |     1 |       ||     1
Armor: Robe              |     9 |     2 ||    11
Dodge: Dodged            |    14 |    11 ||    25
